[Event "Thursday Night Round Robin 3m+1s Starts at 2200hrs ST No Late Joins"]
[Site "Infinity Chess"]
[Date "2018.1.11"]
[Round "11"]
[White "Dovahkiin"]
[Black "Victorious"]
[Result "1/2-1/2"]
[ECO ""]
[WhiteElo "2434"]
[BlackElo "2570"]
[WhiteEngine "BrainFish_180106_x64_modern_CTG"]
[BlackEngine "Houdini 6"]
[EventType "Round Robin"]
[WhiteTeam ""]
[BlackTeam ""]
[PlyCount "167"]
[TimeControl "180+1"]

1. e3 Nf6 2. d3 c5 3. d4 g6 4. Nf3 Bg7 5. Be2 d5 6. O-O O-O 7. dxc5 Ne4 
8. Nc3 Bxc3 9. bxc3 Nxc3 10. Qe1 Nxe2+ 11. Qxe2 Qc7 12. c4 Qxc5 13. cxd5 Qxd5 
14. e4 Qh5 15. Rb1 b6 16. Qe3 Qc5 17. Qxc5 bxc5 18. Ba3 Na6 19. Rb5 Rd8 
20. h3 Be6 21. Ra5 Rd6 22. Bc1 Bc4 23. Re1 Nb4 24. Bf4 Re6 25. Rc1 Rxe4 
26. Be3 Nxa2 27. Ra1 Bd5 28. Bxc5 Nc3 29. Rxa7 Rxa7 30. Rxa7 Kf8 31. Kh2 f6 
32. Nd4 Bf7 33. f3 Re5 34. Bb4 Nd5 35. Bd2 Be8 36. Rb7 h5 37. h4 Ba4 38. Kg3 Ne3 
39. Bb4 Nc2 40. Nxc2 Bxc2 41. Kf4 Ba4 42. Ra7 Bc6 43. Ra6 Re6 44. Kg3 Kf7 
45. Ra7 Re2 46. Rc7 Bb5 47. Rb7 Ba6 48. Ra7 Bc8 49. Kf4 Ke8 50. Kg3 Re6 
51. Ra8 Rc6 52. Ra7 Bd7 53. Ra8+ Rc8 54. Rxc8+ Bxc8 55. f4 Kd7 56. Bc3 Kc6 
57. Bb4 e6 58. Bc3 f5 59. Kf3 Kb5 60. Ke3 Kc4 61. Bg7 Bd7 62. g3 Bc6 63. Ba1 Bd5 
64. Bb2 Kb3 65. Bg7 Kc2 66. Be5 Bb3 67. Bf6 Ba2 68. Be5 Kd1 69. Bc3 Bc4 
70. Kd4 Bb3 71. Ke3 Bd5 72. Ba5 Bh1 73. Bb4 Bc6 74. Bc3 Be4 75. Bb4 Bb7 
76. Bc3 Be4 77. Ba5 Bb1 78. Bb4 Bc2 79. Bc3 Bb1 80. Ba5 Be4 81. Bb4 Bb1 
82. Ba5 Kc2 83. Kd4 Kd1 84. Ke3 1/2-1/2

[Event "Thursday Night Round Robin 3m+1s Starts at 2200hrs ST No Late Joins"]
[Site "Infinity Chess"]
[Date "2018.1.11"]
[Round "11"]
[White "incredible"]
[Black "BlitzMaster"]
[Result "1/2-1/2"]
[ECO "B50"]
[WhiteElo "2462"]
[BlackElo "2554"]
[WhiteEngine "stockfish_18010422_x64_bmi2"]
[BlackEngine "stockfish_18010422_x64_modern_CTG"]
[EventType "Round Robin"]
[WhiteTeam ""]
[BlackTeam ""]
[PlyCount "183"]
[TimeControl "180+1"]

1. e4 c5 2. Nf3 d6 3. Nc3 Nf6 4. d4 cxd4 5. Nxd4 a6 6. Be2 e5 7. Nb3 Be7 
8. Be3 Be6 9. O-O O-O 10. Re1 Nbd7 11. a4 Qc7 12. Bf3 Rfc8 13. a5 h6 14. Qd3 Bc4 
15. Qd2 Be6 16. Reb1 Nh7 17. Rd1 Nhf6 18. Qe1 Qc6 19. Qe2 Rab8 20. h3 Nf8 
21. Rac1 Qe8 22. Nd2 Bd8 23. Ra1 Ng6 24. Qd3 b6 25. axb6 Bxb6 26. Nf1 Bxe3 
27. Nxe3 Rxb2 28. Rxa6 Rc6 29. Rda1 Rb8 30. Kh2 Nf4 31. Qd2 Qc8 32. Rxc6 Qxc6 
33. Ncd5 Bxd5 34. exd5 Qc8 35. Ra4 Ng6 36. Qa5 Ne7 37. Rc4 Qd8 38. Qxd8+ Rxd8 
39. g4 Kf8 40. Bg2 g6 41. Ra4 Nd7 42. Nc4 Nf6 43. Ne3 Nd7 44. Ra6 Nc5 
45. Rb6 Na4 46. Ra6 Nc5 47. Ra7 f5 48. gxf5 gxf5 49. h4 f4 50. Nc4 e4 
51. Ra5 Nxd5 52. Bxe4 Nxe4 53. Rxd5 Ke7 54. f3 Ng3 55. Kh3 Ke6 56. Rd4 d5 
57. Rxf4 Ne2 58. Rg4 Rf8 59. Nd2 h5 60. Rg6+ Ke5 61. Rg5+ Kd4 62. Kh2 Nf4 
63. Kg3 Ke3 64. Nb1 Ne2+ 65. Kg2 Nf4+ 66. Kg3 Kd4 67. Rg7 Ne2+ 68. Kf2 Nf4 
69. Na3 Rb8 70. Rh7 Ke5 71. Ra7 Kf6 72. Kg3 Ke5 73. Re7+ Kf6 74. Re3 Kf5 
75. Kf2 Rc8 76. Re7 Rc3 77. Re3 Rxe3 78. Kxe3 Ng2+ 79. Ke2 Nxh4 80. c4 d4 
81. c5 Ke6 82. c6 Nf5 83. Nc4 h4 84. f4 h3 85. c7 Kd7 86. Kf2 h2 87. Ne5+ Kxc7 
88. Kg2 d3 89. Nxd3 h1=Q+ 90. Kxh1 Kd6 91. Kg2 Ne3+ 92. Kf3 1/2-1/2

[Event "Thursday Night Round Robin 3m+1s Starts at 2200hrs ST No Late Joins"]
[Site "Infinity Chess"]
[Date "2018.1.11"]
[Round "11"]
[White "KillBill2017"]
[Black "Time_bandit"]
[Result "1/2-1/2"]
[ECO "A00"]
[WhiteElo "2464"]
[BlackElo "2559"]
[WhiteEngine "corchess_x64_modern"]
[BlackEngine "asmFishW_2017-11-19_popcnt"]
[EventType "Round Robin"]
[WhiteTeam ""]
[BlackTeam ""]
[PlyCount "53"]
[TimeControl "180+1"]

1. e3 e5 2. d4 exd4 3. exd4 d5 4. Nf3 Nf6 5. Bd3 Bd6 6. Qe2+ Be6 7. Ng5 Qe7 
8. Nxe6 fxe6 9. c3 O-O 10. O-O c5 11. Nd2 Nc6 12. dxc5 Bxc5 13. Nb3 Bb6 
14. a4 a6 15. a5 Ba7 16. Be3 Bxe3 17. Qxe3 e5 18. f3 Rad8 19. Rfe1 Rf7 
20. Rad1 g6 21. Bf1 Qc7 22. g3 Rd6 23. Qb6 Qe7 24. Qc5 Qc7 25. Qb6 Qb8 
26. Qc5 Qc7 27. Qb6 1/2-1/2

[Event "Thursday Night Round Robin 3m+1s Starts at 2200hrs ST No Late Joins"]
[Site "Infinity Chess"]
[Date "2018.1.11"]
[Round "11"]
[White "localhero"]
[Black "Vimtiroba"]
[Result "1/2-1/2"]
[ECO "D05"]
[WhiteElo "2480"]
[BlackElo "2523"]
[WhiteEngine "asmFishW_2017-10-04_popcnt"]
[BlackEngine "AsmFish@J10V2_CTG"]
[EventType "Round Robin"]
[WhiteTeam ""]
[BlackTeam ""]
[PlyCount "61"]
[TimeControl "180+1"]

1. d4 d5 2. Nf3 Nf6 3. e3 e6 4. Bd3 b6 5. b3 c5 6. Nbd2 Nbd7 7. O-O Bb7 
8. Bb2 Be7 9. Qe2 O-O 10. c4 cxd4 11. Nxd4 g6 12. N4f3 Nc5 13. Bc2 dxc4 
14. Nxc4 Qd5 15. Be5 Ba6 16. Rfd1 Qb7 17. Rac1 Rac8 18. Bb1 Rfd8 19. Bd4 Nce4 
20. Nfe5 Ba3 21. Bb2 Bxc4 22. bxc4 Bxb2 23. Qxb2 Qc7 24. Bxe4 Nxe4 25. f3 Nc5 
26. Ng4 h5 27. Nf6+ Kf8 28. Nh7+ Kg8 29. Nf6+ Kf8 30. Nh7+ Kg8 31. Nf6+ 1/2-1/2

[Event "Thursday Night Round Robin 3m+1s Starts at 2200hrs ST No Late Joins"]
[Site "Infinity Chess"]
[Date "2018.1.11"]
[Round "11"]
[White "Coco69"]
[Black "KULLANI"]
[Result "1/2-1/2"]
[ECO "C50"]
[WhiteElo "2483"]
[BlackElo "2485"]
[WhiteEngine "BrainFish_180106_x64"]
[BlackEngine "BrainFish_180106_x64_CTG"]
[EventType "Round Robin"]
[WhiteTeam ""]
[BlackTeam ""]
[PlyCount "129"]
[TimeControl "180+1"]

1. e4 e5 2. Nf3 Nc6 3. Bc4 Bc5 4. O-O Nf6 5. d3 d6 6. c3 a5 7. Re1 h6 
8. Nbd2 O-O 9. h3 Be6 10. a4 Bxc4 11. Nxc4 Re8 12. Be3 Bxe3 13. Nxe3 b6 
14. Qb3 Ne7 15. g3 Ng6 16. Kg2 Qd7 17. Rac1 Qc6 18. Qc4 Qd7 19. Qb3 Qc6 
20. Qc4 Qd7 21. Re2 c6 22. Qb3 Nh5 23. Rh1 Nf6 24. Rd1 Rab8 25. Ree1 d5 
26. exd5 Nxd5 27. Qc4 Nxe3+ 28. Rxe3 b5 29. axb5 cxb5 30. Qg4 Qxg4 31. hxg4 a4 
32. Re4 f6 33. d4 exd4 34. Rxe8+ Rxe8 35. Rxd4 Ne5 36. Nxe5 Rxe5 37. Kf3 Kh7 
38. Rd1 Rc5 39. Ke4 Re5+ 40. Kf3 Kg6 41. Rd4 h5 42. gxh5+ Kxh5 43. c4 Rf5+ 
44. Kg2 Rc5 45. cxb5 Rxb5 46. Rxa4 Rxb2 47. Rh4+ Kg5 48. Ra4 g6 49. Ra8 Kf5 
50. Ra5+ Ke4 51. Ra3 f5 52. Re3+ Kd4 53. Ra3 g5 54. Re3 g4 55. Ra3 Ke5 
56. Ra5+ Kf6 57. Ra3 Kg5 58. Ra1 Kg6 59. Ra3 Rb6 60. f3 gxf3+ 61. Kf1 Kg5 
62. Rxf3 Kg6 63. g4 fxg4 64. Ra3 Kg5 65. Kg2 1/2-1/2

[Event "Thursday Night Round Robin 3m+1s Starts at 2200hrs ST No Late Joins"]
[Site "Infinity Chess"]
[Date "2018.1.11"]
[Round "11"]
[White "MGR"]
[Black "koalachess"]
[Result "1-0"]
[ECO "C00"]
[WhiteElo "2496"]
[BlackElo "2308"]
[WhiteEngine "Stockfish SL sh BMI2"]
[BlackEngine "asmFishW_2017-11-19_popcnt_CTG"]
[EventType "Round Robin"]
[WhiteTeam ""]
[BlackTeam ""]
[PlyCount "139"]
[TimeControl "180+1"]

1. e4 e6 2. Nc3 d5 3. d4 Nf6 4. Bg5 Be7 5. e5 Nfd7 6. Bxe7 Qxe7 7. f4 O-O 
8. Nf3 c5 9. Qd2 a6 10. dxc5 Nxc5 11. a3 b5 12. Qe3 Bb7 13. Bd3 h6 14. Ne2 Nxd3+ 
15. cxd3 b4 16. Ned4 Nc6 17. O-O bxa3 18. Rxa3 Nxd4 19. Nxd4 Bc8 20. Nb3 Bd7 
21. Nc5 Rfb8 22. Qf2 a5 23. d4 Rb4 24. Qd2 Rb5 25. Rf2 h5 26. h3 h4 27. g4 Rxc5 
28. dxc5 Qxc5 29. Kh2 Qc7 30. Qe3 Rb8 31. Rc3 Qb6 32. Qxb6 Rxb6 33. Kg1 Rb7 
34. Rc5 Bb5 35. Rfc2 Bc4 36. Rxa5 Bd3 37. Rd2 Bg6 38. Ra4 Rb3 39. f5 exf5 
40. g5 f4 41. Rxf4 Be4 42. Kh2 g6 43. Rxh4 Kf8 44. Rf4 Ke7 45. h4 Ke6 
46. Rf6+ Kxe5 47. Rxf7 Bf5 48. Re2+ Kf4 49. Kg1 Rg3+ 50. Rg2 Rxg2+ 51. Kxg2 Ke5 
52. Rxf5+ Kxf5 53. b4 Ke5 54. h5 gxh5 55. b5 h4 56. b6 Kd6 57. g6 h3+ 
58. Kxh3 Kc6 59. Kg4 d4 60. g7 d3 61. g8=Q d2 62. Qd8 d1=Q+ 63. Qxd1 Kxb6 
64. Qd5 Kc7 65. Kf5 Kb6 66. Ke6 Ka6 67. Qb3 Ka5 68. Kd6 Ka6 69. Kc6 Ka5 70. Qb5# 
1-0

[Event "Thursday Night Round Robin 3m+1s Starts at 2200hrs ST No Late Joins"]
[Site "Infinity Chess"]
[Date "2018.1.11"]
[Round "10"]
[White "KULLANI"]
[Black "MGR"]
[Result "1/2-1/2"]
[ECO "C50"]
[WhiteElo "2484"]
[BlackElo "2497"]
[WhiteEngine "BrainFish_180106_x64_CTG"]
[BlackEngine "Stockfish SL sh BMI2"]
[EventType "Round Robin"]
[WhiteTeam ""]
[BlackTeam ""]
[PlyCount "152"]
[TimeControl "180+1"]

1. e4 e5 2. Nf3 Nc6 3. Bc4 Bc5 4. O-O Nf6 5. d3 d6 6. c3 a5 7. Re1 O-O 
8. Nbd2 h6 9. h3 Be6 10. Bb5 Qb8 11. Nf1 Qa7 12. Re2 a4 13. Ng3 Qa5 
14. Bxc6 bxc6 15. Nh4 Rfe8 16. Re1 d5 17. exd5 cxd5 18. Rxe5 Bf8 19. Qc2 c5 
20. Bd2 Nd7 21. Re2 c4 22. d4 a3 23. bxa3 Qa4 24. Qc1 Bxa3 25. Qe1 Nf6 
26. Nf3 Bb2 27. Rb1 Rab8 28. Kh2 Qxa2 29. Bf4 Rb3 30. Nd2 Rb7 31. Nf3 Rb3 
32. Nd2 Rb7 33. Qd1 Qa6 34. Re3 Rb5 35. Nh5 Bd7 36. Rg3 g6 37. Be5 Nxh5 
38. Qxh5 Kh7 39. Qh4 Bf5 40. Rd1 Qa3 41. Qf6 Qf8 42. Qc6 Ra5 43. Nf1 Be4 
44. Qb6 Qa3 45. Ne3 Re6 46. Qd8 Ra8 47. Qh4 Bxc3 48. f3 Bd3 49. f4 Ba5 
50. Ng4 Qf8 51. Nf6+ Rxf6 52. Qxf6 Bb4 53. Rdxd3 Be7 54. Qc6 cxd3 55. Rxd3 Qe8 
56. Qxd5 Rd8 57. Qb7 Qd7 58. Qb6 Bd6 59. Qxd6 Qxd6 60. Bxd6 Rxd6 61. Kg3 Kg7 
62. Kf3 Kf6 63. Ke4 Re6+ 64. Kd5 h5 65. g3 Ke7 66. Ra3 Kd7 67. Ra7+ Ke8 
68. Ra3 Kd7 69. f5 gxf5 70. h4 Ke7 71. Rf3 Rd6+ 72. Ke5 f6+ 73. Kxf5 Rxd4 
74. Kg6 Rg4+ 75. Kxh5 f5 76. Rxf5 Rxg3 1/2-1/2

[Event "Thursday Night Round Robin 3m+1s Starts at 2200hrs ST No Late Joins"]
[Site "Infinity Chess"]
[Date "2018.1.11"]
[Round "10"]
[White "Vimtiroba"]
[Black "Coco69"]
[Result "1/2-1/2"]
[ECO "D02"]
[WhiteElo "2525"]
[BlackElo "2481"]
[WhiteEngine "AsmFish@J10V2_CTG"]
[BlackEngine "stockfish_18010422_x64_CTG"]
[EventType "Round Robin"]
[WhiteTeam ""]
[BlackTeam ""]
[PlyCount "223"]
[TimeControl "180+1"]

1. d4 d5 2. Nf3 Nf6 3. c4 c6 4. Nc3 e6 5. e3 Nbd7 6. Qc2 Bd6 7. Bd3 O-O 
8. O-O dxc4 9. Bxc4 b5 10. Bd3 Bb7 11. a3 a5 12. e4 e5 13. dxe5 Nxe5 
14. Nxe5 Bxe5 15. h3 Nh5 16. f4 Bd4+ 17. Kh2 g6 18. Ne2 Bb6 19. e5 Qh4 
20. Bd2 Qe7 21. Nc3 Rad8 22. Rad1 f5 23. Be1 Kh8 24. Bf2 Bxf2 25. Qxf2 g5 
26. fxg5 b4 27. Na4 Qxe5+ 28. Kg1 f4 29. Qc5 Qe3+ 30. Qxe3 fxe3 31. Rde1 Nf4 
32. Rxe3 Rxd3 33. Rxd3 Ne2+ 34. Kh2 Rxf1 35. Nc5 bxa3 36. bxa3 Rf5 37. Rd8+ Kg7 
38. Rd7+ Kg8 39. Rd8+ Kg7 40. Nxb7 Rxg5 41. Rd7+ Kg8 42. a4 Nf4 43. Rd2 Nd5 
44. Nd8 Nb6 45. Nxc6 Nxa4 46. Rd8+ Kg7 47. Rd7+ Kg6 48. Ra7 Nc3 49. Nxa5 Ne2 
50. Ra6+ Kg7 51. Ra7+ Kg6 52. Nc6 Rc5 53. Ra6 Kg7 54. Nb4 Nf4 55. Ra2 Rc3 
56. Rd2 h5 57. Nc2 Ng6 58. Rf2 Ne5 59. Nd4 Kg6 60. Nf5 Kg5 61. Ng3 Kg6 
62. Rf8 h4 63. Ne4 Rc2 64. Rf6+ Kg7 65. Rf5 Nd3 66. Rg5+ Kf7 67. Rg4 Ne5 
68. Rf4+ Kg6 69. Rf6+ Kg7 70. Rf5 Nd3 71. Kg1 Kh6 72. Rf6+ Kg7 73. Rf5 Kh6 
74. Rf6+ Kg7 75. Rf3 Re2 76. Nc3 Re1+ 77. Kh2 Ne5 78. Rf4 Ng6 79. Ra4 Kf6 
80. Rg4 Re5 81. Kg1 Kf5 82. Kh2 Kf6 83. Rb4 Re1 84. Rb5 Nf4 85. Rb4 Ng6 
86. Nb5 Kg5 87. Nd4 Ne5 88. Nb5 Re2 89. Nd4 Ra2 90. Kh1 Ra1+ 91. Kh2 Re1 
92. Rb2 Re4 93. Rd2 Re3 94. Kg1 Re4 95. Kh2 Kf6 96. Nb3 Re1 97. Nd4 Re4 
98. Rd1 Kg6 99. Kg1 Kg5 100. Nb3 Rb4 101. Nd4 Kf6 102. Rd2 Kg5 103. Kf2 Kf4 
104. Ne2+ Ke4 105. Kg1 Rc4 106. Rd8 Ke3 107. Re8 Re4 108. Kf1 Nd3 
109. Rxe4+ Kxe4 110. g3 hxg3 111. Nxg3+ Kf3 112. Ne2 1/2-1/2

[Event "Thursday Night Round Robin 3m+1s Starts at 2200hrs ST No Late Joins"]
[Site "Infinity Chess"]
[Date "2018.1.11"]
[Round "10"]
[White "Time_bandit"]
[Black "localhero"]
[Result "1/2-1/2"]
[ECO "D05"]
[WhiteElo "2562"]
[BlackElo "2477"]
[WhiteEngine "asmFishW_2017-11-19_popcnt"]
[BlackEngine "asmFishW_2017-10-04_popcnt"]
[EventType "Round Robin"]
[WhiteTeam ""]
[BlackTeam ""]
[PlyCount "111"]
[TimeControl "180+1"]

1. d4 d5 2. Nf3 Nf6 3. e3 e6 4. Bd3 c5 5. b3 Nc6 6. O-O Bd6 7. dxc5 Bxc5 
8. Bb2 O-O 9. Nbd2 Qe7 10. c4 Rd8 11. a3 a5 12. Qc2 h6 13. Rfd1 b6 14. cxd5 exd5 
15. Nf1 Bg4 16. Ng3 Rac8 17. Bf5 Bxf3 18. gxf3 Rc7 19. Bd3 Ne5 20. Qe2 Nxd3 
21. Qxd3 Qe6 22. Qf5 Ne8 23. f4 Be7 24. Rac1 Rc5 25. Qxe6 fxe6 26. f5 Kf7 
27. fxe6+ Kxe6 28. Ne2 Kf7 29. Rb1 Nd6 30. b4 axb4 31. axb4 Rc2 32. Nd4 Rc4 
33. Nf3 Ke6 34. Nd4+ Kf7 35. Nf3 Ke6 36. Bd4 Ne4 37. Bxb6 Rf8 38. Nd4+ Kd7 
39. Ra1 Rxf2 40. Ra7+ Ke8 41. Ra8+ Kf7 42. Ra7 Kf6 43. Bc5 Bxc5 44. bxc5 Rxc5 
45. Ra6+ Kf7 46. Ra7+ Kg6 47. Rxg7+ Kxg7 48. Ne6+ Kf6 49. Nxc5 Re2 
50. Nxe4+ dxe4 51. Rd7 Ke5 52. Rh7 Rxe3 53. Rxh6 Re2 54. h3 Kf5 55. Kf1 Rh2 
56. h4 1/2-1/2

[Event "Thursday Night Round Robin 3m+1s Starts at 2200hrs ST No Late Joins"]
[Site "Infinity Chess"]
[Date "2018.1.11"]
[Round "10"]
[White "BlitzMaster"]
[Black "KillBill2017"]
[Result "1/2-1/2 "]
[ECO "C11"]
[WhiteElo "2558"]
[BlackElo "2460"]
[WhiteEngine "stockfish_18010422_x64_modern_CTG"]
[BlackEngine "corchess_x64_modern"]
[EventType "Round Robin"]
[WhiteTeam ""]
[BlackTeam ""]
[PlyCount "302"]
[TimeControl "180+1"]

1. e4 e6 2. d4 d5 3. Nc3 Nf6 4. e5 Nfd7 5. f4 c5 6. Nf3 Nc6 7. Be3 Be7 8. Qd2 a6 
9. Be2 O-O 10. a3 b5 11. O-O Qc7 12. dxc5 Nxc5 13. Nd4 Rd8 14. Bg4 Bb7 
15. Qf2 Nxd4 16. Bxd4 g6 17. Qe3 Ne4 18. Nxe4 dxe4 19. c3 Bd5 20. Be2 Qc6 
21. Rac1 Qb7 22. g4 Kh8 23. Rf2 Rac8 24. Rg2 Qc6 25. b4 Rg8 26. Rb1 Bd8 
27. Rc1 Qb7 28. Rd1 Rc6 29. f5 exf5 30. gxf5 gxf5 31. Rxg8+ Kxg8 32. Bh5 Qe7 
33. Bc5 Rxc5 34. bxc5 Be6 35. Rd6 Bc7 36. Qf4 Bd7 37. c6 Be6 38. Kh1 Kg7 
39. Bd1 Kh8 40. Rd2 Qf8 41. Qh4 h6 42. Bh5 Kh7 43. Qf6 e3 44. Rg2 e2 
45. Rxe2 Bd5+ 46. Rg2 Bxg2+ 47. Kxg2 Qg7+ 48. Kf3 Qxf6 49. exf6 Kg8 50. h3 a5 
51. Ke3 Be5 52. Be2 Kh7 53. Bxb5 Kg6 54. c4 Kxf6 55. c5 Ke7 56. Bd3 Kd8 
57. Bxf5 Kc7 58. Kd3 Kxc6 59. Kc4 Bg3 60. Be4+ Kc7 61. Bd5 f6 62. Kb5 Bf2 
63. Bf3 Be1 64. a4 Bc3 65. h4 Bd4 66. Be4 Bf2 67. h5 Be3 68. Bd5 Bd2 69. Bg2 Bc3 
70. c6 Bd2 71. Bf1 Bb4 72. Be2 Bd2 73. Bd1 Be1 74. Bc2 Bb4 75. Bb1 Be1 
76. Ba2 Bd2 77. Bb1 Be1 78. Kc5 Bb4+ 79. Kd5 Ba3 80. Ba2 Be7 81. Bb1 Bb4 
82. Ba2 Be1 83. Bb1 Bc3 84. Ba2 Be5 85. Bb1 Bb2 86. Bf5 Bc1 87. Bb1 Kd8 
88. Kd6 Bf4+ 89. Kc5 Kc7 90. Be4 Bd6+ 91. Kc4 Be5 92. Bd5 Kb6 93. Be4 Bf4 
94. Kd5 Be5 95. Bb1 Kc7 96. Ba2 Bf4 97. Bb1 Be5 98. Be4 Bc3 99. Bf5 Ba1 
100. Kc5 Bb2 101. Bg6 Be5 102. Bb1 Bf4 103. Bd3 Bd2 104. Kb5 Bc3 105. Be4 Bd2 
106. Bh1 Bb4 107. Bg2 f5 108. Bf1 f4 109. Be2 Bc3 110. Bg4 Bd2 111. Bd1 Bb4 
112. Bg4 Bd2 113. Bd1 Bb4 114. Bf3 Be1 115. Bd5 Bc3 116. Bh1 Bd2 117. Bg2 Bc3 
118. Bh1 Be1 119. Bg2 Bb4 120. Ka6 Bc3 121. Bh1 Bd2 122. Bg2 Bc3 123. Bh1 Bd2 
124. Bd5 Bb4 125. Kb5 Be1 126. Bh1 Bb4 127. Bg2 Be1 128. Kc4 Bh4 129. Kb5 Be1 
130. Kc5 Bf2+ 131. Kd5 Bh4 132. Kc4 Kb6 133. Kb3 Bd8 134. Kc4 Kc7 135. Kb5 Kc8 
136. Bf3 Kb8 137. Bd5 Kc8 138. Bf3 Kb8 139. Be4 Kc8 140. Kc4 Be7 141. Kb5 Bd8 
142. Ka6 Bc7 143. Bg2 Kd8 144. Kb5 Kc8 145. Kc4 Bd8 146. Be4 Kc7 147. Kd5 Bf6 
148. Kc5 Bd8 149. Bh1 Kc8 150. Bf3 Kc7 151. Kd5 Bh4 1/2-1/2

[Event "Thursday Night Round Robin 3m+1s Starts at 2200hrs ST No Late Joins"]
[Site "Infinity Chess"]
[Date "2018.1.11"]
[Round "10"]
[White "Victorious"]
[Black "incredible"]
[Result "1-0"]
[ECO "D31"]
[WhiteElo "2557"]
[BlackElo "2475"]
[WhiteEngine "Houdini 6"]
[BlackEngine "stockfish_18010422_x64_bmi2"]
[EventType "Round Robin"]
[WhiteTeam ""]
[BlackTeam ""]
[PlyCount "153"]
[TimeControl "180+1"]

1. d4 d5 2. c4 e6 3. Nc3 c6 4. e4 Bb4 5. cxd5 exd5 6. e5 Ne7 7. Nf3 c5 
8. a3 Bxc3+ 9. bxc3 O-O 10. Be2 Nbc6 11. O-O cxd4 12. cxd4 Na5 13. h3 h6 
14. Bd3 Bf5 15. Nh4 Bxd3 16. Qxd3 Qb6 17. Rb1 Qa6 18. Qg3 Nc4 19. a4 Rad8 
20. f4 f5 21. Ba3 Nxa3 22. Qxa3 Nc6 23. Rfd1 b6 24. Rbc1 Qb7 25. Rc3 Qe7 
26. Qxe7 Nxe7 27. Rc7 Rfe8 28. Rdc1 Kf8 29. g4 g6 30. Kf2 Rb8 31. gxf5 gxf5 
32. e6 Kg7 33. Nxf5+ Kf6 34. Nxh6 Kg6 35. Ng4 b5 36. axb5 Rxb5 37. Rxa7 Rb6 
38. Ne3 Rb2+ 39. Kf3 Rb3 40. Ke2 Rb2+ 41. Kd3 Kf6 42. f5 Rh8 43. Rxe7 Rb3+ 
44. Kc2 Rxe3 45. Rf7+ Kg5 46. e7 Ra8 47. Rg1+ Kf4 48. Rfg7 Re2+ 49. Kc3 Re3+ 
50. Kb4 Rc8 51. Rf1+ Ke4 52. Rg4+ Kd3 53. f6 Kd2 54. Rg2+ Kd3 55. f7 Rxe7 
56. Rd1+ Ke3 57. Re1+ Kd3 58. Rxe7 Rb8+ 59. Kc5 Rc8+ 60. Kd6 Kxd4 61. Re8 Rxe8 
62. fxe8=Q Kc3 63. h4 Kb4 64. h5 Kc3 65. h6 Kb4 66. h7 d4 67. h8=Q d3 
68. Qa4+ Kxa4 69. Rb2 Ka3 70. Qd4 d2 71. Rxd2 Kb3 72. Ra2 Kxa2 73. Qd2+ Ka3 
74. Kc5 Kb3 75. Kb5 Ka3 76. Kc4 Ka4 77. Qa2# 1-0

[Event "Thursday Night Round Robin 3m+1s Starts at 2200hrs ST No Late Joins"]
[Site "Infinity Chess"]
[Date "2018.1.11"]
[Round "9"]
[White "incredible"]
[Black "Dovahkiin"]
[Result "1-0"]
[ECO "C11"]
[WhiteElo "2459"]
[BlackElo "2456"]
[WhiteEngine "stockfish_18010422_x64_bmi2"]
[BlackEngine "BrainFish_180106_x64_modern_CTG"]
[EventType "Round Robin"]
[WhiteTeam ""]
[BlackTeam ""]
[PlyCount "241"]
[TimeControl "180+1"]

1. e4 e6 2. d4 d5 3. Nc3 Nf6 4. Bg5 dxe4 5. Nxe4 Be7 6. Bxf6 Bxf6 7. Nf3 O-O 
8. c3 Nd7 9. Bd3 b6 10. Qe2 c5 11. dxc5 bxc5 12. Nxf6+ Nxf6 13. Ne5 Qc7 
14. O-O-O Bb7 15. f3 Rad8 16. Rhe1 g6 17. Bb5 Bd5 18. Qc2 Bb7 19. Qe2 Bd5 
20. Ba4 Qa5 21. Qc2 Bb7 22. g3 Rxd1+ 23. Rxd1 Nd5 24. c4 Ne3 25. Qd2 Nxc4 
26. Qxa5 Nxa5 27. Rd6 Bd5 28. b3 Nb7 29. Ra6 f6 30. Nd7 Rf7 31. f4 g5 32. f5 Kg7 
33. fxe6 Re7 34. Rxa7 Nd8 35. Ra6 Bxe6 36. Nxc5 Rc7 37. b4 Bxa2 38. Kd2 f5 
39. Kd3 f4 40. Bd7 Bf7 41. gxf4 gxf4 42. Ke4 Bc4 43. Rb6 f3 44. Kxf3 Ra7 
45. Kf4 Ra2 46. h3 Nf7 47. Ne6+ Kf6 48. Nd4+ Ke7 49. Bg4 Rf2+ 50. Ke4 Nd6+ 
51. Ke3 Rf6 52. Nc6+ Kf8 53. Ne5 Ke7 54. Rxd6 Kxd6 55. Nxc4+ Kc6 56. Kd3 Rf4 
57. Kc3 Kd5 58. Ne3+ Kd6 59. Bd1 Kc6 60. Bc2 h6 61. Bd1 Rf2 62. Ng4 Rf1 
63. Ba4+ Kc7 64. Nxh6 Rf3+ 65. Kc4 Rxh3 66. Nf5 Kb6 67. Bd1 Rh7 68. Ne3 Rc7+ 
69. Kb3 Rh7 70. Nd5+ Kc6 71. Nc3 Rh3 72. Bg4 Rh4 73. Bf3+ Kb6 74. Na4+ Kb5 
75. Be2+ Kc6 76. b5+ Kd5 77. Bf3+ Kd6 78. Be2 Kd5 79. Bd1 Rd4 80. Bh5 Rf4 
81. Be8 Kd6 82. Bg6 Ke5 83. Nc5 Kd6 84. Na6 Rg4 85. Bf7 Re4 86. Bc4 Re8 
87. Kb4 Re4 88. Nc5 Rh4 89. Na4 Rg4 90. Nb6 Rg3 91. Bf7 Rg5 92. Be8 Kc7 
93. Nc4 Rg1 94. Bc6 Rg5 95. Be4 Kc8 96. b6 Kd7 97. Bf3 Rg1 98. Kc5 Rg5+ 
99. Bd5 Kc8 100. Na5 Rg1 101. Be6+ Kb8 102. Nc6+ Kb7 103. Nb4 Rc1+ 104. Kb5 Rb1 
105. Bd5+ Kc8 106. Be4 Rb3 107. Ka4 Rb2 108. Ka3 Re2 109. b7+ Kc7 110. Na6+ Kd7 
111. b8=Q Re3+ 112. Kb2 Re2+ 113. Kc3 Rxe4 114. Nc5+ Kc6 115. Nxe4 Kd5 
116. Qf4 Ke6 117. Qf6+ Kd5 118. Nd2 Kc5 119. Qe6 Kb5 120. Nb3 Ka4 121. Qa6# 1-0

[Event "Thursday Night Round Robin 3m+1s Starts at 2200hrs ST No Late Joins"]
[Site "Infinity Chess"]
[Date "2018.1.11"]
[Round "9"]
[White "KillBill2017"]
[Black "Victorious"]
[Result "1/2-1/2"]
[ECO "A00"]
[WhiteElo "2456"]
[BlackElo "2561"]
[WhiteEngine "corchess_x64_modern"]
[BlackEngine "Houdini 6"]
[EventType "Round Robin"]
[WhiteTeam ""]
[BlackTeam ""]
[PlyCount "120"]
[TimeControl "180+1"]

1. g3 e5 2. c4 Nf6 3. d3 Bb4+ 4. Bd2 Bxd2+ 5. Nxd2 O-O 6. Bg2 d6 7. a3 a5 
8. b4 d5 9. cxd5 Nxd5 10. bxa5 Nc6 11. Ngf3 Rxa5 12. Nb3 Rb5 13. Qc2 Be6 
14. Nc5 Bg4 15. Nb3 Bxf3 16. Bxf3 Nd4 17. Nxd4 exd4 18. a4 Ra5 19. Qb2 Nc3 
20. Qxb7 c5 21. O-O g6 22. Qb2 Re8 23. Qd2 Re6 24. e4 Kg7 25. Rfe1 Qb8 
26. Bg4 Re7 27. Bd1 Ra6 28. Qg5 Re5 29. Qc1 h6 30. Qf4 Rf6 31. Qd2 Re7 
32. h4 Ra6 33. Kg2 Nb1 34. Qc1 Nc3 35. h5 g5 36. Rf1 c4 37. dxc4 Qc8 38. Re1 Ra5 
39. Bb3 Rae5 40. Qd2 Rxe4 41. Rxe4 Rxe4 42. Bd1 Nxd1 43. Rxd1 Qxc4 44. a5 Qd5 
45. Kg1 Qb3 46. Kg2 Qd5 47. f3 Re5 48. Qxd4 Qxd4 49. Rxd4 Rxa5 50. g4 f5 
51. gxf5 Kf6 52. Rd6+ Kxf5 53. Rxh6 Ra2+ 54. Kg3 Ra4 55. Rd6 Rh4 56. f4 Rg4+ 
57. Kf2 Rxf4+ 58. Kg3 Rg4+ 59. Kf3 Rf4+ 60. Kg3 Rg4+ 1/2-1/2

[Event "Thursday Night Round Robin 3m+1s Starts at 2200hrs ST No Late Joins"]
[Site "Infinity Chess"]
[Date "2018.1.11"]
[Round "9"]
[White "localhero"]
[Black "BlitzMaster"]
[Result "1/2-1/2"]
[ECO "A46"]
[WhiteElo "2473"]
[BlackElo "2562"]
[WhiteEngine "asmFishW_2017-10-04_popcnt"]
[BlackEngine "stockfish_18010422_x64_modern_CTG"]
[EventType "Round Robin"]
[WhiteTeam ""]
[BlackTeam ""]
[PlyCount "129"]
[TimeControl "180+1"]

1. d4 Nf6 2. Nf3 d5 3. e3 c5 4. Nbd2 e6 5. c3 Nbd7 6. Bd3 Be7 7. O-O b6 
8. e4 dxe4 9. Nxe4 O-O 10. Nxf6+ Nxf6 11. dxc5 Bxc5 12. Bf4 Bb7 13. Qe2 Qd5 
14. Be5 Rad8 15. Rad1 Qc6 16. Rfe1 h6 17. Bb5 Qe4 18. Qxe4 Nxe4 19. Bd4 Nd6 
20. Be2 Bxf3 21. Bxf3 Bxd4 22. Rxd4 Nf5 23. Rb4 Rd2 24. g3 Rfd8 25. Re2 Rxe2 
26. Bxe2 Kf8 27. Kf1 Ke7 28. Ke1 Rd5 29. Ra4 a5 30. Bc4 Re5+ 31. Kd2 Nd6 
32. Bd3 Rd5 33. Kc2 e5 34. f4 Ke6 35. fxe5 Rxe5 36. Rf4 f5 37. Rf1 Rc5 
38. Re1+ Kf6 39. Rb1 g5 40. b4 Rc6 41. bxa5 bxa5 42. Rb8 Rc8 43. Rb6 Ke5 
44. Ra6 Rc5 45. Ra8 Kf6 46. Rd8 Ke7 47. Rg8 Nf7 48. c4 Ne5 49. Bxf5 Nxc4 
50. Bh7 Ne5+ 51. Kb3 Rb5+ 52. Kc3 Nf3 53. h3 Re5 54. Kd3 Ne1+ 55. Kc4 Re3 
56. Rg6 Rxg3 57. Rxh6 Ra3 58. Bg8 Rxa2 59. Re6+ Kf8 60. Rxe1 Kxg8 61. Rg1 a4 
62. Rxg5+ Kf7 63. h4 a3 64. Kb3 Rb2+ 65. Kxa3 1/2-1/2